 Dungeon Crawl Stone Soup version 0.27.1-36-g1b1ada6b1e (webtiles) character file.

Game seed: 14393782779045427449

12 KleinerIrrer the Sneak (level 2, -3/21 HPs)
             Began as an Octopode Delver on Feb 4, 2023.
             Slain by a wyvern skeleton (7 damage)
             ... on level 5 of the Dungeon.
             The game lasted 00:00:28 (106 turns).

KleinerIrrer the Sneak (Octopode Delver)             Turns: 106, Time: 00:00:28

Health: -3/21      AC:  1    Str: 11    XL:     2   Next: 33%
Magic:  2/2        EV: 13    Int: 12    God:
Gold:   0          SH:  0    Dex: 13    Spells: 1/1 levels left

rFire    . . .     SeeInvis .     - Unarmed
rCold    . . .     Faith    .   (no shield)
rNeg     . . .     Spirit   .   (helmet restricted)
rPois    .         Reflect  .   (no amulet)
rElec    .         Harm     .   (no ring)
rCorr    .         Rampage  .   (no ring)
Will     .....                  (no ring)
Stlth    ++++......             (no ring)
HPRegen  0.07/turn              (no ring)
MPRegen  0.08/turn              (no ring)
                                (no ring)
                                (no ring)

@: hasted, very quick
A: almost no armour, amphibious, 8 rings, camouflage 1, gelatinous body 1,
(nimble swimmer 1), tentacles
a: no special abilities


You were on level 5 of the Dungeon.
You visited 1 branch of the dungeon, and saw 1 of its levels.

Inventory:

Wands
 e - a wand of digging (3)
Scrolls
 a - a scroll of fog
 b - a scroll of magic mapping
 c - a scroll of fear


   Skills:
 - Level 3.0 Fighting
 - Level 2.0 Dodging
 - Level 6.6 Stealth
 + Level 2.9 Unarmed Combat


You had one spell level left.
You didn't know any spells.
Your spell library was empty.

Dungeon Overview and Level Annotations

Branches:
Dungeon (5/15)
 Temple: D:4-7

Altars:


Innate Abilities, Weirdness & Mutations

You cannot wear most types of armour.
You are amphibious.
You can wear up to eight rings at the same time.
Your skin changes colour to match your surroundings (Stealth+).
Your rubbery body absorbs attacks. (AC +1, EV +1)
((You are camouflaged near water. (Stealth+)))
You have tentacles for arms and can constrict up to eight enemies at once.


Message History

Found 21 sling bullets.
You see here a +0 war axe.
What are your orders? t - Shout!
Orders for allies: a - Attack new target. r - Retreat! s - Stop attacking. g - Guard the area. f - Follow me.
Anything else - Cancel.
You shout for attention!
You see here a worm corpse.
The adder hisses angrily.
You closely miss the adder. Your grab misses the adder. The adder bites you.
You are poisoned.
The adder poisons you!
You closely miss the adder. Your grab misses the adder.
Your squeeze misses the adder.
You feel sick. The adder closely misses you.
You miss the adder. Your grab misses the adder.
You feel sick. The adder bites you. x2
You tentacle-slap the adder. You grab the adder.
The adder is moderately wounded.
You constrict the adder.
You feel sick. The adder closely misses you.
You tentacle-slap the adder. Your squeeze misses the adder.
The adder is severely wounded.
You constrict the adder.
You feel sick. The adder closely misses you.
You tentacle-slap the adder but do no damage.
The adder is almost dead.
You constrict the adder.
You feel sick.
You are no longer poisoned.
The adder bites you.
* * * LOW HITPOINT WARNING * * *
You feel yourself speed up.
You constrict the adder.
You kill the adder!
You have reached level 2!
You tentacle-slap the wyvern skeleton.
The wyvern skeleton is lightly damaged.
The wyvern skeleton closely misses you.
You tentacle-slap the wyvern skeleton.
The wyvern skeleton is lightly damaged.
The wyvern skeleton bites you!
You die...

##.. . ..# .. ..# ..( #.# S.Z.
##.# ..... ##..####
######......
.......############..)........
..>.............@Z†.##########
.......############## ########


You could see a wyvern skeleton.

Vanquished Creatures
  An adder (D:5)
  A worm (D:5)
2 creatures vanquished.

Notes
Turn   | Place    | Note
-------+----------+-------------------------------------------
     0 | D:5      | KleinerIrrer the Octopode Delver began the quest for the
                  | Orb.
     0 | D:5      | Reached XP level 1. HP: 16/16 MP: 1/1
   105 | D:5      | Reached XP level 2. HP: 4/21 MP: 2/2
   106 | D:5      | Slain by a wyvern skeleton

Illustrated notes

Levels and vault maps discovered:
D:5:      layout_rooms, minmay_temple_entry_poolview, corexii_shack,
          hangedman_decor_slide_cut, minmay_joined_circles, uniq_sigmund

Action                   || total
-------------------------++-------
Melee: Unarmed           ||    14
       Constrict         ||     2
  Use: Potion            ||     1
Dodge: Dodged            ||     6
